AoeStats
← So sad

MegaRandom

508729312Analyzed
3v3 RM · 7d ago on Sep 23, 2026· 17m 57s· 6 players
Game mode
Random Map
Map size
Normal (6 player)
Population
200
Speed
Normal
Resources
Standard
Victory
Conquest
Starting age
Dark Age
Ending age
Imperial Age
RankedLock teamsTeams togetherTeam positionsShared explorationLock speedFull tech treeHidden civsTurbo modeCheats
Victory
Defeat
🇸🇪 Mongols · Sweden
1519
+11
1481
+12
🇸🇪 Varangians · Sweden
1355
+17
🇺🇦 Varangians · Ukraine
1399
-14
🇧🇾 Teutons · Belarus
1392
-13
🇧🇾 Malay · Belarus
1385
-13
So sad
0:49 Loom
10:45 Feudal Age
19:21 Castle Age
17:13 Town Watch
NiL
5:16 Loom
10:18 Feudal Age
17:52 Castle Age
16:53 Wheelbarrow
16:03 Town Watch
HURMA
2:10 Loom
9:59 Feudal Age
16:12 Castle Age
17:33 Wheelbarrow
17:20 Double-Bit Axe
Creweer
6:20 Loom
12:17 Feudal Age
13:15 Double-Bit Axe
15:44 Scale Barding Armor
15:51 Forging
19:06 Castle Age
маслинный мусульман
2:23 Loom
11:37 Feudal Age
16:47 Castle Age
18:19 Wheelbarrow
KalasKula
0:38 Loom
10:49 Feudal Age
11:40 Double-Bit Axe
14:44 Castle Age
13:53 Fletching
13:49 Horse Collar
15:31 Bodkin Arrow
16:01 Bow Saw
16:17 Padded Archer Armor
18:25 Ballistics
Connection lost

Rejoining the realm…

Still unreachable

The connection could not be restored.

Session expired

The server has moved on; the page needs a fresh start.